 Dungeon Crawl Stone Soup version 0.22-a0-618-gd6a3efe1fc (webtiles) character file.

26113 RedPan the Thaumaturge (level 13, -9/90 HPs)
             Began as an Octopode Wizard on July 13, 2018.
             Was a High Priest of Vehumet.
             Mangled by a tyrant leech (27 damage)
             ... on level 4 of the Lair of Beasts.
             The game lasted 01:13:50 (21424 turns).

RedPan the Thaumaturge (Octopode Wizard)           Turns: 21424, Time: 01:13:50

Health: -9/90      AC:  3    Str:  6    XL:     13   Next: 23%
Magic:  4/26       EV: 23    Int: 23    God:    Vehumet [*****.]
Gold:   849        SH: 10    Dex: 15    Spells: 13/31 levels left

rFire    . . .     SeeInvis +   P - +2 trident (flame)
rCold    . . .     Gourm    .   N - +1 buckler
rNeg     . . .     Faith    .   a - +2 hat
rPois    +         Spirit   .   O - amulet "Urrisis" {Reflect rElec rPois SH+3 SInv}
rElec    +         Reflect  +   f - +2 ring of intelligence
rCorr    .         Harm     .   z - +5 ring of evasion
MR       .....                  (no ring)
Stlth    ++++......             E - ring of wizardry
HPRegen  0.25/turn              (no ring)
MPRegen  0.20/turn              (no ring)
                                (no ring)
                                (no ring)

@: no status effects
A: almost no armour, stealthy swim, amphibious, 8 rings, constrict 8, camouflage
1, gelatinous body 1
a: Renounce Religion


You were on level 4 of the Lair of Beasts.
You worshipped Vehumet.
Vehumet was extremely pleased with you.
You were not hungry.

You visited 3 branches of the dungeon, and saw 17 of its levels.

You collected 849 gold pieces.

Inventory:

Hand Weapons
 m - a +3 dagger
 B - a +1 trident of venom
 P - a +2 trident of flaming (weapon)
Missiles
 b - 170 stones (quivered)
Armour
 a - a +2 hat (worn)
 N - a +1 buckler (worn)
Magical Staves
 t - an uncursed staff of air
Jewellery
 f - a +2 ring of intelligence (left tentacle)
 p - an uncursed amulet of the acrobat
 z - a +5 ring of evasion (right tentacle)
 E - a ring of wizardry (on tentacle)
 O - the amulet "Urrisis" (around mantle) {Reflect rElec rPois SH+3 SInv}
   (You found it on level 3 of the Lair of Beasts)

   [amulet of reflection]

   It shields you and reflects attacks.
   It insulates you from electricity.
   It protects you from poison.
   It lets you see invisible.
   It affects your SH (+3).
Wands
 q - a wand of digging (18)
 y - a wand of acid (13)
 C - a wand of iceblast (26)
 D - a wand of polymorph (28)
 F - a wand of flame (10)
 G - a wand of paralysis (77)
 L - a wand of enslavement (16)
 M - a wand of disintegration (14)
Scrolls
 e - 2 scrolls of teleportation
 g - 2 scrolls of magic mapping
 h - 4 scrolls of fear
 k - 5 scrolls of remove curse
 s - 4 scrolls of enchant weapon
 w - 2 scrolls of enchant armour
 K - 2 scrolls of fog
 Q - a scroll of identify
Potions
 d - 2 potions of agility
 i - 2 potions of heal wounds
 j - 5 potions of haste
 l - 2 potions of cancellation {unknown}
 n - 5 potions of curing
 o - a potion of mutation {unknown}
 r - 6 potions of lignification
 u - 5 potions of might
 v - 3 potions of resistance
 x - 3 potions of flight
 A - 2 potions of ambrosia
 H - a potion of magic {unknown}
 I - a potion of berserk rage {unknown}
Miscellaneous
 J - a phantom mirror
Comestibles
 c - 19 rations
 R - 4 chunks of flesh


   Skills:
 - Level 9.5 Fighting
 - Level 7.2 Dodging
 - Level 5.0 Stealth
 + Level 8.4 Shields
 - Level 9.6 Spellcasting
 + Level 5.4 Conjurations
 - Level 3.2 Charms
 - Level 2.0 Summonings
 - Level 3.2 Necromancy
 - Level 2.0 Translocations
 * Level 1.3 Ice Magic
 * Level 2.5 Air Magic
 - Level 9.0 Earth Magic
 - Level 4.0 Poison Magic
 - Level 4.0 Evocations


You had 13 spell levels left.
You knew the following spells:

 Your Spells              Type           Power        Failure   Level  Hunger
a - Magic Dart            Conj           ####         1%          1    None
b - Blink                 Tloc           N/A          1%          2    None
c - Call Imp              Summ           ###.....     1%          2    None
d - Mephitic Cloud        Conj/Pois/Air  ####....     1%          3    None
e - Sandblast             Erth           ######       1%          1    None
f - Regeneration          Chrm/Necr      ####......   1%          3    None
g - Freezing Cloud        Conj/Ice/Air   ####......   24%         6    ######.

Your spell library contained the following spells:

 Spells                   Type           Power        Failure   Level  Hunger
 Conjure Flame            Conj/Fire      ###.....     1%          3    None
 Slow                     Hex            ##......     3%          2    None
 Summon Horrible Things   Summ           ###.......   100%        8    #######
 Summon Greater Demon     Summ           ###.......   100%        7    #######
 Monstrous Menagerie      Summ           ###.......   100%        7    #######
 Malign Gateway           Summ/Tloc      ###.......   100%        7    #######
 Shroud of Golubria       Chrm/Tloc      ###.......   1%          2    None
 Infusion                 Chrm           ####         1%          1    None
 Song of Slaying          Chrm           ####....     1%          2    None
 Spectral Weapon          Hex/Chrm       ###.....     3%          3    None


Dungeon Overview and Level Annotations

Branches:
Dungeon (11/15)            Temple (1/1) D:4            Lair (5/6) D:10
  Swamp (0/4) Lair:2        Snake (0/4) Lair:3          Orc (0/2) D:10
  Slime: Lair:5-6

Altars:
Ashenzari
Cheibriados
Dithmenos
Elyvilon
Fedhas
Gozag
Hepliaklqana
Kikubaaqudgha
Makhleb
Nemelex Xobeh
Okawaru
Qazlal
Ru
Sif Muna
Trog
Uskayaw
Vehumet
Wu Jian
Xom
Yredelemnul
Zin
The Shining One

Shops:
D:6 }

Annotations:
D:7 2 transporters, exclusion: downstairs


Innate Abilities, Weirdness & Mutations

You cannot wear most types of armour.
You are very stealthy in the water. (Stealth+)
You are amphibious.
You can wear up to eight rings at the same time.
You can use your tentacles to constrict eight enemies at once.
Your skin changes colour to match your surroundings (Stealth+).
Your rubbery body absorbs attacks. (AC +1, EV +1)


Message History

The tyrant leech barely misses you.
Casting: Sandblast (safe; 1% risk of failure)
Confirm with . or Enter, or press ? or * to list all spells.
Aiming: Sandblast (safe; 1% risk of failure)
Press: ? - help, Shift-Dir - straight line, f/p - tyrant leech
Aim: a tyrant leech (heavily wounded)
The blast of sand hits the tyrant leech.
The tyrant leech is heavily wounded.
b - 171 stones Your crimson imp disappears in a puff of smoke!
Casting: Sandblast (safe; 1% risk of failure)
Confirm with . or Enter, or press ? or * to list all spells.
Aiming: Sandblast (safe; 1% risk of failure)
Press: ? - help, Shift-Dir - straight line, f/p - tyrant leech
Aim: a tyrant leech (grey smoke, heavily wounded)
The blast of sand hits the tyrant leech.
The tyrant leech is almost dead.
b - 170 stones The tyrant leech bites you!!
You die...

.... ##..##.......# #.. ....
#...###..P...## ##.. ....
##.............#### ##...
..§.##.###...........#.# #...P
.....#..H...#.....[...## #.#P.
.....†..†..............## #....
.......†................# #.#..
....#####...#...........## #....
...# #....###@w.......####....
... #P..###P§....<........... ..
#P..P##P.†§..[..#..##.P.. ..
#...###.....[......#####. ... ##
#.....÷#........#...##...
....#.###...#.#.........#..####..
...#........####...##..#..#P##..
.............##.................
...........w.###..###...........


You could see a tyrant leech.

Vanquished Creatures
  2 hydras
  Sonja (Lair:2)
  3 two-headed ogres
  A tengu warrior (D:11)
  2 black mambas
  An elephant (Lair:3)
  6 spiny frogs
  6 rime drakes
  4 komodo dragons
  A troll (shapeshifter) (D:9)
  2 meliai (Lair:4)
  A troll (D:10)
  13 blink frogs
  9 hippogriffs
  5 dream sheep
  7 yaks
  2 basilisks (Lair:1)
  A wyvern (D:9)
  Menkaure (D:6)
  2 swamp worms (Lair:4)
  2 nagas (Lair:3)
  10 water moccasins
  3 orc warriors
  5 porcupines
  A swamp drake (D:11)
  2 sky beasts
  4 ogres
  An ice beast (D:9)
  2 phantoms
  5 wolves (Lair:3)
  A necrophage (D:9)
  5 centaurs
  19 crocodiles
  2 big kobolds
  Blork the orc (D:6)
  8 bullfrogs
  A scorpion (D:9)
  26 killer bees
  3 wights (D:6)
  2 howler monkeys (D:6)
  4 electric eels
  5 crimson imps
  A centaur zombie (D:6)
  2 jellies
  5 orc priests
  5 centaur skeletons
  6 hounds
  3 bullfrog skeletons
  5 orc wizards
  6 worker ants
  6 iguanas
  A worker ant zombie (D:9)
  10 adders
  2 shadow imps
  An ooze (D:2)
  3 adder skeletons
  A worm (D:2)
  3 dart slugs (D:3)
  17 leopard geckos
  14 orcs
  8 bats
  4 giant cockroaches
  10 goblins
  6 hobgoblins
  9 jackals
  12 kobolds
  6 quokkas
  2 ball pythons
  10 frilled lizards
  A quokka skeleton (D:3)
  10 rats
351 creatures vanquished.

Vanquished Creatures (collateral kills)
  A hippogriff (Lair:2)
  A naga (Lair:3)
  A water moccasin (D:5)
  A black bear (D:5)
  An ogre (D:4)
  A wight (D:6)
  4 howler monkeys
  2 crimson imps
  A jelly (D:8)
  A hound (D:7)
  An orc priest (D:6)
  3 orc wizards
  An iguana (D:5)
  2 worker ants
  2 leopard geckos
  21 orcs
  A bat (D:3)
45 creatures vanquished.

Vanquished Creatures (others)
  12 fungi
  13 plants
25 creatures vanquished.

Grand Total: 421 creatures vanquished

Notes
Turn   | Place    | Note
-------+----------+-------------------------------------------
     0 | D:1      | RedPan the Octopode Wizard began the quest for the Orb.
     0 | D:1      | Reached XP level 1. HP: 11/11 MP: 4/4
   254 | D:1      | Reached XP level 2. HP: 11/17 MP: 6/6
  1142 | D:2      | Reached XP level 3. HP: 21/21 MP: 5/7
  1470 | D:2      | Learned a level 2 spell: Blink
  1473 | D:2      | Learned a level 2 spell: Call Imp
  1477 | D:2      | Learned a level 3 spell: Mephitic Cloud
  1597 | D:3      | Reached XP level 4. HP: 27/27 MP: 0/9
  2621 | D:3      | Reached XP level 5. HP: 24/31 MP: 4/10
  3245 | D:3      | Found a faded altar of an unknown god.
  3361 | D:4      | Noticed an ogre
  3371 | D:4      | Killed an ogre
  3552 | D:4      | Found a hazy altar of Hepliaklqana.
  3560 | D:4      | Reached XP level 6. HP: 36/36 MP: 5/11
  3749 | D:4      | Reached skill level 5 in Stealth
  3749 | D:4      | Reached skill level 1 in Poison Magic
  3926 | D:4      | Found a staircase to the Ecumenical Temple.
  3931 | Temple   | Entered the Ecumenical Temple
  4057 | Temple   | Became a worshipper of Vehumet
  4336 | D:4      | Reached skill level 1 in Fighting
  4336 | D:4      | Reached skill level 1 in Air Magic
  4482 | D:5      | Entered Level 5 of the Dungeon
  4529 | D:5      | Noticed a black bear
  4547 | D:5      | Killed a black bear
  4653 | D:5      | Reached XP level 7. HP: 17/43 MP: 6/13
  5542 | D:5      | Found a blossoming altar of Fedhas.
  5853 | D:5      | Reached XP level 8. HP: 51/51 MP: 13/15
  6062 | D:6      | Noticed Blork the orc
  6074 | D:6      | Killed Blork the orc
  6074 | D:6      | Reached * piety under Vehumet
  6074 | D:6      | Offered knowledge of Sandblast by Vehumet.
  6077 | D:6      | Learned a level 1 spell: Sandblast
  6120 | D:6      | Reached skill level 5 in Spellcasting
  6207 | D:6      | Reached skill level 1 in Earth Magic
  6840 | D:6      | Noticed Menkaure
  6846 | D:6      | Killed Menkaure
  7340 | D:6      | Found an opulent altar of Gozag.
  7552 | D:6      | Found a deep blue altar of Sif Muna.
  7776 | D:6      | Found Plog's Gadget Emporium.
  8069 | D:6      | Found an iron altar of Okawaru.
  8151 | D:6      | Reached XP level 9. HP: 49/58 MP: 7/17
  8665 | D:7      | Found a transporter.
  8703 | D:7      | Found a transporter.
  9260 | D:8      | Noticed a two-headed ogre
  9898 | D:8      | Killed a two-headed ogre
  9898 | D:8      | Reached skill level 5 in Fighting
  9898 | D:8      | Reached skill level 5 in Dodging
  9898 | D:8      | Reached skill level 5 in Earth Magic
 10296 | D:8      | Reached XP level 10. HP: 36/66 MP: 10/19
 10721 | D:9      | Found an opulent altar of Gozag.
 10889 | D:9      | Reached skill level 1 in Evocations
 10978 | D:9      | Learned a level 2 spell: Slow
 10983 | D:9      | Learned a level 3 spell: Regeneration
 11074 | D:9      | Reached ** piety under Vehumet
 11076 | D:9      | Offered knowledge of Throw Frost by Vehumet.
 11313 | D:9      | Noticed a two-headed ogre
 11407 | D:9      | Reached skill level 1 in Charms
 11456 | D:9      | Reached skill level 1 in Necromancy
 11638 | D:9      | Killed a two-headed ogre
 11999 | D:10     | Entered Level 10 of the Dungeon
 12149 | D:10     | Noticed a two-headed ogre
 12172 | D:10     | Killed a two-headed ogre
 12239 | D:10     | Reached XP level 11. HP: 74/74 MP: 17/21
 12409 | D:10     | Offered knowledge of Throw Flame by Vehumet.
 12726 | D:10     | Found a staircase to the Lair.
 12787 | D:10     | Found a staircase to the Orcish Mines.
 12814 | Lair:1   | Entered Level 1 of the Lair of Beasts
 13180 | D:10     | Reached *** piety under Vehumet
 13802 | D:11     | Offered knowledge of Static Discharge by Vehumet.
 13890 | D:11     | Noticed a tengu warrior
 13901 | D:11     | Killed a tengu warrior
 14713 | Lair:1   | Noticed a five-headed hydra
 14747 | Lair:1   | Killed a five-headed hydra
 14747 | Lair:1   | Reached skill level 1 in Shields
 15354 | Lair:1   | Reached **** piety under Vehumet
 16769 | Lair:2   | Found a staircase to the Swamp.
 16797 | Lair:2   | Reached XP level 12. HP: 38/82 MP: 21/24
 17187 | Lair:2   | Noticed Sonja
 17192 | Lair:2   | Offered knowledge of Irradiate by Vehumet.
 17209 | Lair:2   | Killed Sonja
 17209 | Lair:2   | Reached skill level 5 in Shields
 18257 | Lair:3   | Noticed a death yak
 18257 | Lair:3   | Noticed a death yak
 18276 | Lair:3   | Noticed a death yak
 18282 | Lair:3   | Noticed a death yak
 18284 | Lair:3   | Noticed a death yak
 18286 | Lair:3   | Noticed a death yak
 18963 | Lair:3   | Found a staircase to the Snake Pit.
 19205 | Lair:3   | You fall through a shaft for 2 floors!
 19580 | Lair:3   | Got a bound tin amulet
 19782 | Lair:4   | Identified the amulet "Urrisis" {Reflect rElec rPois SH+3 SInv} (You found it on level 3 of the Lair of Beasts)
 20479 | Lair:4   | Reached XP level 13. HP: 90/90 MP: 24/26
 20518 | Lair:4   | Reached skill level 5 in Conjurations
 20739 | Lair:4   | Reached ***** piety under Vehumet
 20822 | Lair:4   | Offered knowledge of Freezing Cloud by Vehumet.
 20843 | Lair:4   | Learned a level 6 spell: Freezing Cloud
 21395 | Lair:4   | Reached skill level 1 in Ice Magic
 21424 | Lair:4   | Mangled by a tyrant leech

Vault maps used:
D:1:      dpeg_arrival_simpleton_b
D:3:      first_ration, chequers_ecumenical_altar_grove
D:4:      nicolae_overflow_crystal_walls, minmay_temple_entry_nine_rooms
D:5:      fedhas_altar_fruit_tree, kennysheep_generic_room_10
D:6:      kennysheep_little_box, okawaru_gym_becter, serial_shops, shop,
          grunt_gozag_breadcrumbs, uniq_blork_the_orc, uniq_menkaure
D:7:      gammafunk_cloud_chamber
D:9:      minmay_blocky_corners, basic_altar
D:10:     orc_0_dummy
D:11:     lemuel_reptile_caves, grunt_tengu_nest
Temple:   hc_temple_tempest_star
Lair:1:   grunt_megastairs_1
Lair:2:   swamp_mist_pool, nzn_random_ring, uniq_sonja
Lair:3:   minmay_snake_entry_guardpost_small
Lair:4:   regret_index_harrowing_hell_hive, worms_lemuel
Lair:5:   infiniplex_staircase_pool

Skill      XL: |  1  2  3  4  5  6  7  8  9 10 11 12 13 |
---------------+----------------------------------------+-----
Stealth        | 3 4 5 |  5.0
Conjurations   | 2 3 4 5 |  5.4
Summonings     | 2 |  2.0
Translocations | 2 |  2.0
Spellcasting   | 4 5 6 7 8 9 |  9.6
Poison Magic   | 2 4 |  4.0
Fighting       | 1 2 4 5 6 7 9 |  9.5
Air Magic      | 1 2 |  2.5
Dodging        | 3 5 6 7 |  7.2
Earth Magic    | 3 6 7 8 9 |  9.0
Evocations     | 3 4 |  4.0
Charms         | 3 |  3.2
Necromancy     | 3 |  3.2
Shields        | 4 7 8 |  8.4
Ice Magic      | 1 |  1.3

Action                   |  1- 3 |  4- 6 |  7- 9 | 10-12 | 13-15 || total
-------------------------+-------+-------+-------+-------+-------++-------
Melee: Unarmed           |    11 |       |       |       |       ||    11
       Constrict         |    10 |    11 |    25 |    18 |     3 ||    67
       Tentacles         |     5 |     8 |    25 |    20 |       ||    58
       Dagger            |    19 |       |    67 |       |       ||    86
       Short sword       |     5 |    46 |    80 |       |       ||   131
       Trident           |       |       |     2 |   143 |     9 ||   154
 Cast: Magic Dart        |    49 |    92 |    92 |   293 |    97 ||   623
       Call Imp          |       |    29 |    73 |    29 |     3 ||   134
       Mephitic Cloud    |       |       |    10 |    32 |       ||    42
       Sandblast         |       |       |    55 |   295 |    53 ||   403
       Blink             |       |       |     4 |     6 |     1 ||    11
       Regeneration      |       |       |       |     1 |       ||     1
Evoke: Wand              |       |       |       |     1 |       ||     1
  Use: Scroll            |     4 |     3 |    12 |    14 |       ||    33
       Potion            |       |       |     2 |     2 |     2 ||     6
 Stab: Sleeping          |     2 |     1 |     3 |       |       ||     6
       Confused          |       |       |     8 |     2 |       ||    10
       Distracted        |       |       |     4 |       |       ||     4
       Betrayed ally     |       |       |       |     1 |       ||     1
  Eat: Chunk             |     1 |    11 |    11 |    28 |       ||    51
       Ration            |       |       |     2 |     1 |     1 ||     4
Armor: Skin              |     6 |    11 |    10 |    13 |     2 ||    42
Dodge: Dodged            |    27 |    42 |   161 |   321 |    76 ||   627
Block: Buckler           |       |       |       |    77 |    61 ||   138

Table legend:
 A = Spawn XP
 B = Non-spawn XP
 C = Spawn XP percentage of total XP
 D = Spawn monster count
 E = Non-spawn monster count
 F = Spawn count percentage of total count
 G = Total turns spent on level
                    A         B        C        D         E        F      G
               +---------+---------+-------+---------+---------+-------+---------
         Total |       0 |   37305 |   0.0 |       0 |     396 |   0.0 | 21424
               +---------+---------+-------+---------+---------+-------+---------
           D:1 |       0 |      33 |   0.0 |       0 |      20 |   0.0 |  1170
           D:2 |       0 |     101 |   0.0 |       0 |      33 |   0.0 |  1281
           D:3 |       0 |      99 |   0.0 |       0 |      29 |   0.0 |   897
           D:4 |       0 |     274 |   0.0 |       0 |      16 |   0.0 |  1180
           D:5 |       0 |     805 |   0.0 |       0 |      20 |   0.0 |  1898
           D:6 |       0 |    1115 |   0.0 |       0 |      22 |   0.0 |  1634
           D:7 |       0 |     817 |   0.0 |       0 |      19 |   0.0 |  1587
           D:8 |       0 |    1640 |   0.0 |       0 |      26 |   0.0 |   925
           D:9 |       0 |    2941 |   0.0 |       0 |      31 |   0.0 |  1284
          D:10 |       0 |    2829 |   0.0 |       0 |      24 |   0.0 |  1346
          D:11 |       0 |    2428 |   0.0 |       0 |      40 |   0.0 |  1280
        Lair:1 |       0 |    4772 |   0.0 |       0 |      22 |   0.0 |  2110
        Lair:2 |       0 |    4297 |   0.0 |       0 |      16 |   0.0 |  1369
        Lair:3 |       0 |    7008 |   0.0 |       0 |      31 |   0.0 |  2320
        Lair:4 |       0 |    8146 |   0.0 |       0 |      47 |   0.0 |   996
               +---------+---------+-------+---------+---------+-------+---------
